 Dungeon Crawl Stone Soup version 0.27-a0-1378-gdefffd1ff6 (webtiles) character file.

Game seed: 13043871319392259599

16660 Brandom the Grappler (level 12, -14/126 HPs)
             Began as a Troll Delver on June 29, 2021.
             Was a High Priest of Fedhas.
             Demolished by an orc warrior (31 damage)
             ... in a bailey.
             The game lasted 00:38:54 (10877 turns).

Brandom the Grappler (Troll Delver)                Turns: 10877, Time: 00:38:55

Health: -14/126    AC:  8    Str: 23    XL:     12   Next: 12%
Magic:  8/15       EV: 13    Int:  6    God:    Fedhas [*****.]
Gold:   586        SH:  0    Dex: 15    Spells: 11/11 levels left

rFire    + + .     SeeInvis .     - Unarmed
rCold    + . .     Faith    .   g - +0 tower shield
rNeg     . . .     Spirit   .   J - +0 troll leather armour
rPois    .         Reflect  .   q - +2 hat
rElec    .         Harm     .   C - scarf {rC+ rF+}
rCorr    .         Rampage  .   (gloves unavailable)
Will     .....                  (boots unavailable)
Stlth    +.........             (no amulet)
HPRegen  2.31/turn              L - +4 ring of evasion
MPRegen  0.14/turn              E - ring of protection from fire

@: confused
A: large, unfitting armour, claws 3, regeneration 1, shaggy fur 1, tough skin 1,
beak, hooves 1, screaming 1
a: Renounce Religion, Wall of Briars, Grow Ballistomycete, Overgrow, Grow Oklob


You were in a bailey.
You worshipped Fedhas.
Fedhas was extremely pleased with you.
You visited 1 branch of the dungeon, and saw 13 of its levels.
You visited 1 bazaar.
You also visited: Ossuary and Bailey.

You collected 904 gold pieces.
You spent 318 gold pieces at shops.

Inventory:

Hand Weapons
 x - a +0 morningstar
   (You took it off a gargoyle on level 12 of the Dungeon)
Missiles
 c - 5 atropa-tipped darts
 n - 2 curare-tipped darts (quivered) {!f}
 y - 4 throwing nets {!f}
 O - 3 large rocks
 Q - a silver javelin
 R - a javelin
Armour
 a - a +0 robe
 g - a +0 tower shield (worn)
   (You found it on level 3 of the Dungeon)
 q - a +2 hat (worn)
   (You found it on level 2 of the Dungeon)
 B - a scarf of invisibility
   (You bought it in a shop on level 6 of the Dungeon)
 C - a scarf of resistance (worn)
   (You found it on level 8 of the Dungeon)
 J - a +0 troll leather armour (worn)
   (You found it on level 9 of the Dungeon)
Jewellery
 h - a ring of magical power
   (You found it on level 3 of the Dungeon)
 p - a ring of wizardry
   (You found it on level 2 of the Dungeon)
 z - a ring of see invisible
   (You found it on level 2 of the Dungeon)
 E - a ring of protection from fire (right claw)
   (You found it on level 8 of the Dungeon)
 F - an amulet of faith {!P}
   (You found it on level 8 of the Dungeon)
 L - a +4 ring of evasion (left claw)
   (You took it off an orc on level 9 of the Dungeon)
Wands
 d - a wand of iceblast (10)
   (You found it on level 7 of the Dungeon)
 u - a wand of paralysis (4)
   (You found it on level 4 of the Dungeon)
 v - a wand of digging (3)
 A - a wand of polymorph (2)
   (You took it off Sigmund on level 6 of the Dungeon)
Scrolls
 b - 3 scrolls of fog
 l - 3 scrolls of amnesia
 o - 2 scrolls of teleportation {@r4}
 r - a scroll of identify {@r1}
 s - 2 scrolls of enchant armour
 D - 2 scrolls of fear
 G - a scroll of immolation {unknown}
 H - a scroll of silence
 I - 2 scrolls of brand weapon {unknown}
 K - a scroll of enchant weapon
 M - a scroll of noise {unknown}
 P - a scroll of blinking {unknown}
 S - a scroll of torment {unknown}
Potions
 e - 8 potions of degeneration {!q}
 f - 3 potions of haste {@q3}
 i - a potion of invisibility
 j - 5 potions of curing {@q1}
 k - 3 potions of brilliance
 m - 5 potions of heal wounds {@q2}
 t - a potion of mutation {!q}
 N - a potion of might


   Skills:
 * Level 9.6 Fighting
 + Level 1.2 Throwing
 + Level 6.8 Dodging
 - Level 2.7 Stealth
 + Level 5.6 Shields
 * Level 11.1 Unarmed Combat
 + Level 6.2 Invocations


You had 11 spell levels left.
You didn't know any spells.
Your spell library contained the following spells:

 Spells                   Type           Power      Damage    Failure   Level
 Summon Small Mammal      Summ           0%         N/A       99%         1
 Call Imp                 Summ           0%         N/A       100%        2
 Call Canine Familiar     Summ           0%         N/A       100%        3
 Ignite Poison            Fire/Tmut/Pois 0%         N/A       100%        3
 Summon Guardian Golem    Hex/Summ       0%         N/A       100%        3
 Summon Ice Beast         Ice/Summ       0%         N/A       100%        4
 Summon Lightning Spire   Summ/Air       0%         N/A       100%        4
 Fireball                 Conj/Fire      0%         3d3       100%        5
 Starburst                Conj/Fire      0%         8x6d3     100%        6
 Ignition                 Fire           0%         3d3       100%        8


Dungeon Overview and Level Annotations

Branches:
Dungeon (13/15)            Temple (0/1) D:6            Lair (0/6) D:8
    Orc (0/2) D:9         Ossuary (visited)          Bailey (1/1)
 Vaults: D:13-14

Altars:
Cheibriados
Elyvilon
Fedhas
Kikubaaqudgha
Ru
Zin
The Shining One

Shops:
D:1 (([!   D:3 (   D:4 *   D:5 =   D:6 =[   D:12 (


Innate Abilities, Weirdness & Mutations

You are too large for most types of armour.
You have claws for hands.
Your natural rate of healing is unusually fast.
You are covered in fur. (AC +1)
You have tough skin. (AC +1)
You have a beak for a mouth.
You have large cloven feet.
You occasionally shout uncontrollably at your foes.


Message History

The orc knight appears confused.
The explosion of spores engulfs the orc knight!!
The orc warrior hits you with a +0 halberd!!
Fedhas appreciates your contribution to the ecosystem.
You feel a bit more experienced.
The orc knight appears confused.
The explosion of spores engulfs the orc knight!
Fedhas appreciates your contribution to the ecosystem.
You feel a bit more experienced.
The orc knight gestures wildly.
A ballistomycete spore comes into view.
You yell at your ballistomycete spore!
Unknown command.
You scratch the orc warrior but do no damage.
Your kick misses the orc warrior. Your peck misses the orc warrior.
The orc warrior barely misses you.
The orc knight hits the orc warrior with a +0 glaive!!
The orc warrior is killed!
Fedhas appreciates your contribution to the ecosystem.
Something hits the orc!
The orc is killed!
Fedhas appreciates your contribution to the ecosystem.
You can now grow an oklob plant.
The orc warrior hits you with a +0 halberd!!
Your Throwing skill increases to level 1!
You closely miss the orc warrior. Your kick misses the orc warrior.
The orc knight falls into the water!
The orc knight drowns.
Fedhas appreciates your contribution to the ecosystem.
You hear a splash. x2
You block the orc warrior's attack.
A ballistomycete spore comes into view.
You claw the orc knight!
You peck the orc knight, but do no damage.
The explosion of spores engulfs you!
You are confused.
The orc knight hits you with a +0 glaive!
* * * LOW HITPOINT WARNING * * *
The orc warrior misses you.
You hear a shout! x2
A ballistomycete spore comes into view.
You closely miss the orc warrior. Your kick misses the orc warrior.
Fedhas protects your plant from harm.
The orc knight appears confused.
The explosion of spores engulfs the orc knight!!
Fedhas protects your plant from harm.
The orc knight hits you with a +0 glaive!!!
* * * LOW HITPOINT WARNING * * *
The orc warrior hits you with a +0 halberd!!
You die...
Fedhas appreciates your contribution to the ecosystem.

*** ### ***
**,**######*##∩##*********,**
*,,,*#.....##.*.#*,,.,,**,,,*
*,,,*..≈≈≈.o#P.P#..≈≈≈,,*,,,*
*,,,*.≈≈o≈≈.@o*)..≈≈.≈≈,*,,,*
*,,,+.≈.oo≈*).....≈)o.≈,+,,,*
*,,,*.≈≈o≈≈.......≈≈.≈≈,*,,,*
*,,,*..≈≈≈..#...#..≈≈≈,,*,,,*
*,,,*#.....##...##....,**,,,*
**,**######*##∩##*####****,**
*** ### ***


You could see 3 orc knights, 3 orc warriors, 2 friendly ballistomycetes and 3
friendly ballistomycete spores.

Vanquished Creatures
  A boulder beetle (D:11)
  A hydra (D:12)
  2 two-headed ogres
  An orc knight (Bailey)
  Pikel (D:5)
  2 ugly things
  2 manticores
  A cyclops (D:12)
  A gargoyle (D:12)
  A komodo dragon (D:12)
  3 trolls
  6 slime creatures (D:12)
  A wraith (D:12)
  A shadow (D:7)
  A wyvern (D:8)
  9 yaks
  A water elemental (D:12)
  Sigmund (D:6)
  3 vampire mosquitoes (D:12)
  Menkaure (D:4)
  2 wargs
  2 acid dragons
  A sky beast (D:6)
  2 black bears
  12 orc warriors
  An ogre (D:4)
  2 necrophages (D:6)
  11 centaurs
  A bullfrog (D:6)
  A kobold brigand (D:8)
  2 gnoll sergeants
  7 water moccasin zombies
  3 wights (D:10)
  3 electric eels
  A howler monkey (D:6)
  5 centaur zombies
  3 jellies
  A bullfrog zombie (D:7)
  3 centaur skeletons
  A hound (D:6)
  8 orc priests
  Terence (D:2)
  A scorpion zombie (D:4)
  2 iguanas (D:5)
  17 orc wizards
  A hound skeleton (D:5)
  A howler monkey zombie (D:9)
  2 mummies (Ossuary)
  25 gnolls
  11 adders
  2 white imps
  5 adder zombies (Ossuary)
  3 worms
  37 orcs
  4 endoplasms
  4 giant cockroaches
  9 goblins
  11 hobgoblins
  3 jackals (D:1)
  2 quokkas (D:2)
  3 training dummies (D:12)
  14 ball pythons
  4 bats
  4 frilled lizards
  4 gnoll zombies (Ossuary)
  7 hobgoblin zombies (Ossuary)
  12 kobolds
  5 kobold zombies (Ossuary)
  3 orc zombies (Ossuary)
  5 rats
314 creatures vanquished.

Vanquished Creatures (collateral kills)
  A warg (D:8)
  A water moccasin (D:7)
  A centaur zombie (D:8)
  2 orc wizards (D:9)
  4 orcs
  A kobold (D:8)
  5 ballistomycete spores (Bailey)
15 creatures vanquished.

Vanquished Creatures (others)
  A ballistomycete spore (D:12)
  2 plants (D:8)
3 creatures vanquished.

Grand Total: 332 creatures vanquished

Notes
Turn   | Place    | Note
-------+----------+-------------------------------------------
     0 | D:5      | Brandom the Troll Delver began the quest for the Orb.
     0 | D:5      | Reached XP level 1. HP: 22/22 MP: 0/0
    36 | D:5      | Noticed a lemure
   144 | D:5      | Noticed a jelly
   146 | D:5      | Found Imeptoq's Jewellery Shoppe.
   151 | D:5      | Reached XP level 2. HP: 28/29 MP: 1/1
   159 | D:5      | Reached XP level 3. HP: 11/37 MP: 2/2
   166 | D:5      | Reached skill level 3 in Unarmed Combat
   199 | D:5      | Found a sand-covered staircase.
   208 | Ossuary  | Entered an ossuary
   248 | Ossuary  | Reached XP level 4. HP: 43/45 MP: 3/3
   282 | Ossuary  | Reached XP level 5. HP: 26/54 MP: 4/4
   291 | Ossuary  | Reached skill level 4 in Unarmed Combat
   348 | Ossuary  | Reached XP level 6. HP: 50/62 MP: 5/5
   569 | D:4      | Reached skill level 5 in Unarmed Combat
   569 | D:4      | Reached XP level 7. HP: 34/71 MP: 6/6
   930 | D:1      | Found Lanien's Antique Weapon Boutique.
  1048 | D:1      | Found a faded altar of an unknown god.
  1057 | D:1      | Became a worshipper of Fedhas Madash
  1057 | D:1      | Reached * piety under Fedhas
  1099 | D:1      | Found Hoaxzic's Antique Weapon Boutique.
  1148 | D:1      | Found Siefount's Distillery.
  1156 | D:1      | Found Kesulur's Antique Armour Shoppe.
  1445 | D:2      | Noticed Terence
  1457 | D:2      | Killed Terence
  1796 | D:3      | Gained mutation: Your spells are a little harder to cast,
                  | but a little more powerful. [potion of mutation]
  1796 | D:3      | Gained mutation: Your body sometimes deteriorates upon
                  | taking damage. [potion of mutation]
  1796 | D:3      | Gained mutation: Your mind is acute. (Int +2) [potion of
                  | mutation]
  1797 | D:3      | Lost mutation: Your body sometimes deteriorates upon taking
                  | damage. [potion of mutation]
  1797 | D:3      | Lost mutation: Your spells are a little harder to cast, but
                  | a little more powerful. [potion of mutation]
  1797 | D:3      | Gained mutation: You are clumsy. (Dex -2) [potion of
                  | mutation]
  1797 | D:3      | Lost mutation: You are clumsy. (Dex -2) [potion of
                  | mutation]
  1798 | D:3      | Lost mutation: Your mind is acute. (Int +2) [potion of
                  | mutation]
  1798 | D:3      | Gained mutation: You are frail. (-10% HP) [potion of
                  | mutation]
  1867 | D:3      | Reached ** piety under Fedhas
  1878 | D:3      | Found Gadig's Weapon Shoppe.
  1960 | D:3      | Found a glowing silver altar of Zin.
  1962 | D:3      | Found a glowing golden altar of the Shining One.
  1963 | D:3      | Found a white marble altar of Elyvilon.
  2761 | D:4      | Reached skill level 5 in Fighting
  2921 | D:4      | Reached skill level 1 in Invocations
  3036 | D:4      | Found a snail-covered altar of Cheibriados.
  3036 | D:4      | Found an ancient bone altar of Kikubaaqudgha.
  3137 | D:4      | Noticed Menkaure
  3143 | D:4      | Killed Menkaure
  3144 | D:4      | Reached skill level 1 in Shields
  3300 | D:4      | Reached XP level 8. HP: 72/72 MP: 8/8
  3307 | D:4      | Found Teqerghaolu's Overcharged Wands.
  3537 | D:5      | Noticed Pikel
  3554 | D:5      | Killed Pikel
  3555 | D:5      | Reached skill level 6 in Unarmed Combat
  3699 | D:5      | Lost mutation: You are frail. (-10% HP) [potion of
                  | mutation]
  3699 | D:5      | Gained mutation: You occasionally shout uncontrollably at
                  | your foes. [potion of mutation]
  3699 | D:5      | Gained mutation: You have a beak for a mouth. [potion of
                  | mutation]
  3699 | D:5      | Gained mutation: You have large cloven feet. [potion of
                  | mutation]
  4763 | D:6      | Noticed Sigmund
  4810 | D:6      | Killed Sigmund
  4811 | D:6      | Reached skill level 7 in Unarmed Combat
  4811 | D:6      | Reached XP level 9. HP: 89/89 MP: 8/10
  4855 | D:6      | Found Wiseik's Antique Armour Shoppe.
  4876 | D:6      | Bought an embroidered scarf for 240 gold pieces
  4952 | D:6      | Found a staircase to the Ecumenical Temple.
  4985 | D:6      | Reached *** piety under Fedhas
  5175 | D:6      | Found Ygydouqi's Jewellery Emporium.
  5759 | D:7      | Reached skill level 8 in Unarmed Combat
  6236 | D:8      | Found a staircase to the Lair.
  6320 | D:7      | Reached skill level 5 in Dodging
  6590 | D:8      | Reached XP level 10. HP: 87/102 MP: 7/11
  6596 | D:8      | Reached **** piety under Fedhas
  7637 | D:9      | Reached skill level 9 in Unarmed Combat
  7658 | D:9      | Found a staircase to the Orcish Mines.
  7696 | D:10     | Entered Level 10 of the Dungeon
  7791 | D:10     | Reached ***** piety under Fedhas
  7865 | D:10     | Found a sacrificial altar of Ru.
  8039 | D:10     | Noticed a two-headed ogre
  8074 | D:10     | Killed a two-headed ogre
  8305 | D:11     | Noticed a two-headed ogre
  8498 | D:11     | Noticed a manticore
  8506 | D:11     | Killed a manticore
  8507 | D:11     | Reached skill level 5 in Invocations
  8536 | D:11     | Noticed a white ugly thing
  8551 | D:11     | Killed a white ugly thing
  8552 | D:11     | Reached XP level 11. HP: 70/113 MP: 13/13
  8678 | D:11     | Killed a two-headed ogre
  8679 | D:11     | Reached skill level 10 in Unarmed Combat
  8748 | D:11     | Noticed a boulder beetle
  8777 | D:11     | Killed a boulder beetle
  9170 | D:12     | Reached skill level 5 in Shields
  9199 | D:12     | Identified the +2 leather armour of Cyakir {rElec Will++}
  9339 | D:12     | Noticed a seven-headed hydra
  9387 | D:12     | Killed a 12-headed hydra
  9887 | D:12     | Noticed a brown ugly thing
  9913 | D:12     | Killed a brown ugly thing
 10118 | D:11     | Reached XP level 12. HP: 107/124 MP: 15/15
 10121 | D:11     | Reached skill level 11 in Unarmed Combat
 10474 | D:12     | Found Digrekaa's Firing Range.
 10504 | D:12     | Bought a throwing net for 39 gold pieces
 10504 | D:12     | Bought a throwing net for 39 gold pieces
 10770 | D:13     | Found a flickering gateway to a bazaar.
 10779 | Bazaar   | Entered a bazaar
 10797 | Bazaar   | Found Segekayboo's Book Shop.
 10797 | Bazaar   | Found Tolemeq's Antique Armour Shop.
 10847 | D:13     | Found a flagged portal.
 10864 | Bailey   | Entered a bailey
 10875 | Bailey   | Reached skill level 1 in Throwing
 10877 | Bailey   | Demolished by an orc warrior

Illustrated notes

Levels and vault maps discovered:
D:1:      zaba_arrival_water, layout_loops_ring, serial_shops,
          nicolae_diamond_shop, nicolae_shop_trees, nicolae_shop_crystal, shop,
          ebering_ecumenical_altar_webs
D:2:      layout_basic, uniq_terence
D:3:      layout_basic, good_gods_temple_1, serial_shops, nicolae_square_shop
D:4:      minmay_skewed_foursquare, layout_basic,
          gammafunk_temple_overflow_statue, st_stairs_2,
          nicolae_shop_overcharged_wands, uniq_menkaure
D:5:      layout_layer_cave, enter_ossuary_1, minmay_shop_enchanted_jewellery,
          uniq_pikel
D:6:      layout_loops_ring, minmay_temple_entry_junction, serial_shops, shop,
          nicolae_diamond_shop, uniq_sigmund
D:7:      layout_basic, hangedman_decor_riveting, minmay_fountain_box,
          chequers_serial_rivers_micro_b
D:8:      layout_loops_cross, erik_lair_orcish_takeover, sigmund_army
D:9:      layout_stronghold, erik_orc_2, minmay_crystal_room
D:10:     layout_roguey, nicolae_overflow_crystal_walls
D:11:     layout_basic, minmay_misc_feat_diagonals, centaur_isle
D:12:     layout_basic, nicolae_shop_firing_range
D:13:     layout_irregular_city, portal_ice_cave_rime, serial_shops,
          freezing_bzr, enter_bailey_7, uniq_erolcha
Bailey:   bailey_polearm_4, bailey

Skill      XL: |  1  2  3  4  5  6  7  8  9 10 11 12 |
---------------+-------------------------------------+-----
Fighting       | 3 4 5 6 7 8 9 |  9.6
Dodging        | 2 3 4 5 6 |  6.8
Unarmed Combat | 3 4 5 7 8 9 10 11 | 11.1
Invocations    | 1 2 3 5 6 |  6.2
Shields        | 1 2 3 4 5 |  5.6
Throwing       | 1 |  1.2
Stealth        | |  2.7

Action                   |  1- 3 |  4- 6 |  7- 9 | 10-12 || total
-------------------------+-------+-------+-------+-------++-------
Melee: Unarmed           |    33 |   114 |   416 |   389 ||   952
       Punch             |     1 |     3 |     3 |       ||     7
       Kick              |       |       |    57 |   134 ||   191
       Peck              |       |       |    41 |    96 ||   137
Throw: Dart              |       |       |    11 |     3 ||    14
       Throwing net      |       |       |       |     1 ||     1
Invok: Wall of Briars    |       |       |     5 |     8 ||    13
       Grow Ballistomyce |       |       |       |     3 ||     3
Evoke: Wand              |       |       |       |     7 ||     7
  Use: Scroll            |     1 |       |     8 |     7 ||    16
       Potion            |       |       |     5 |     3 ||     8
 Stab: Sleeping          |     2 |       |     9 |     2 ||    13
       Invisible         |       |       |     1 |       ||     1
       Distracted        |       |       |       |     1 ||     1
       Paralysed         |       |       |       |     5 ||     5
       Held in net/web   |       |       |       |     1 ||     1
Armor: Robe              |    11 |    38 |   123 |     6 ||   178
       Troll leather arm |       |       |       |   114 ||   114
Dodge: Dodged            |    15 |    51 |   133 |   180 ||   379
Block: Tower shield      |       |       |   234 |   440 ||   674

Table legend: (Time is in decaauts)
 A = Elapsed time spent in this place.
 B = Non-inter-level travel time spent in this place.
 C = Inter-level travel time spent in this place.
 D = Time resting spent in this place.
 E = Time spent auto-exploring this place.
 F = Levels seen in this place.
 G = Mean time per level.
                   A        B        C        D        E       F      G
               +--------+--------+--------+--------+--------+-----+--------+
         Total |  11005 |  10626 |    379 |    406 |   7204 |  16 |  687.8 |
       Dungeon |  10742 |  10363 |    379 |    385 |   7172 |  13 |  826.3 |
        Bazaar |     52 |     52 |      0 |     10 |     32 |   1 |   52.0 |
       Ossuary |    197 |    197 |      0 |     11 |      0 |   1 |  197.0 |
        Bailey |     13 |     13 |      0 |      0 |      0 |   1 |   13.0 |
               +--------+--------+--------+--------+--------+-----+--------+

Top non-repeatable levels by time:
     D:5: 1411 daAuts
    D:12: 1332 daAuts
    D:11: 1062 daAuts
     D:4: 995 daAuts
     D:3: 959 daAuts
     D:8: 850 daAuts
     D:6: 819 daAuts
     D:9: 768 daAuts
     D:7: 718 daAuts
    D:10: 712 daAuts
     D:1: 593 daAuts
     D:2: 458 daAuts
 Ossuary: 197 daAuts
    D:13: 59 daAuts
  Bazaar: 52 daAuts
